 Zot Defence DCSS version 0.15.2 (webtiles) character file.

7856 Marenglen the Earth Mage (level 11, -1/81 HPs)
             Began as a Deep Dwarf Earth Elementalist on Sept 8, 2016.
             Was a Priest of Makhleb.
             Slain by a tentacled monstrosity (5 damage)
             ... summoned by a boggart
             ... in the Realm of Zot (Scenario II: Battle Heart).
             The game lasted 00:18:05 (1866 turns).

Marenglen the Earth Mage (DDEE)                     Turns: 1866, Time: 00:18:05

HP  -1/81        AC  2     Str 13      XL: 11   Next:  2%
MP   7/23        EV 12     Int 17 (18) God: Makhleb [***...]
Gold 0           SH  0     Dex 13      Spells:  4 memorised,  8 levels left

rFire  . . .     SeeInvis .     a - +0 dagger
rCold  . . .     Clarity  .     c - +0 robe
rNeg   . . .     rCorr    .     (no shield)
rPois  .         rRot     .     (no helmet)
rElec  .         Spirit   .     (no cloak)
SustAb .         Warding  .     (no gloves)
rMut   .         Stasis   .     (no boots)
Gourm  .                        (no amulet)
MR     +....                    (no ring)
                                (no ring)

@: non-regenerating, somewhat resistant to hostile enchantments, unstealthy
A: damage resistance, recharge devices, sense surroundings 2, slow healing 3
a: Make oklob sapling, Make arrow trap, Make plant, Remove Curse, Make burning
bush, Make altar, Make grenades, Make oklob plant, Make net trap, Make ice
statue, Make spear trap, Make alarm trap, Device Recharging, Minor Destruction,
Lesser Servant of Makhleb, Renounce Religion


You were in the Realm of Zot.
You worshipped Makhleb.
Makhleb was most pleased with you.
You were not hungry.

You visited 1 branch

Inventory:

Hand weapons
 a - a +0 dagger (weapon)
 j - a cursed +0 war axe
Missiles
 m - 2 stones (quivered)
Armour
 c - a +0 robe (worn)
Magical devices
 l - a wand of heal wounds (0)
Comestibles
 f - a bread ration
Scrolls
 k - a scroll of blinking
Potions
 h - a potion of haste
 i - a potion of magic
Books
 d - a book of Geomancy

   Spells                             Type                      Level
   *Sandblast                         Earth                        1
   *Stoneskin                         Transmutation/Earth          2
   Passwall                           Transmutation/Earth          3
   *Stone Arrow                       Conjuration/Earth            3
   *Petrify                           Transmutation/Earth          4
   Lee's Rapid Deconstruction         Earth                        5


   Skills:
 - Level 6.1 Short Blades
 - Level 2.1 Dodging
 - Level 2.4 Stealth
 - Level 4.0 Spellcasting
 - Level 0.8 Transmutations
 + Level 15.3 Earth Magic
 + Level 11.1 Invocations


You had 8 spell levels left.
You knew the following spells:

 Your Spells              Type           Power        Failure   Level  Hunger
a - Sandblast             Erth           ######       1%          1    None
b - Stoneskin             Trmt/Erth      ####....     1%          2    ##.....
c - Stone Arrow           Conj/Erth      ####..       1%          3    ###....
d - Petrify               Trmt/Erth      ####....     8%          4    ####...


Dungeon Overview and Level Annotations

Branches:
    Zot (1/1)

Altars:
Makhleb


Innate Abilities, Weirdness & Mutations

You are resistant to damage.
You can recharge devices by infusing magical energy.
You passively map the area around you.
You do not heal naturally.


Message History

Zapping:
l - a wand of heal wounds (1)
Press: ? - help, Shift-Dir - straight line, f - you, p - boggart You feel much better.
This wand has 0 charges left.
The death cob barely misses you. The slime creature hits you!
* * * LOW HITPOINT WARNING * * *
Your oklob plant spits acid at the boggart.
The splash of acid hits the tentacled monstrosity.
The death cob hits you.
* * * LOW HITPOINT WARNING * * *
Your burning bush throws fire at the boggart.
The puff of flame hits the boggart.
The boggart dies!
Makhleb accepts your collateral kill.
Your burning bush throws fire at the slime creature.
The puff of flame hits the slime creature.
The tentacled monstrosity closely misses you.
The tentacled monstrosity tentacle-slaps you.
* * * LOW HITPOINT WARNING * * *
The tentacled monstrosity tentacle-slaps you.
You die...

.....▓ ▓∆▓∆▓∆▓▓▓∆▓∆▓∆▓ ▓.....
....▓▓ ▓∆∆∆∆∆▓ ▓∆∆∆∆∆▓ ▓▓....
▓▓▓▓▓ ▓▓▓▓▓▓▓▓▓▓▓▓▓▓▓ ▓▓▓▓▓ ▓▓.▓▓
▓▓...▓▓ ▓▓.P8..▓▓ ▓
▓▓▓▓▓▓▓(....PP▓▓▓▓▓▓▓ ▓
▓▓▓▓▓▓▓...).%g..Y...J)....▓▓▓▓▓▓▓
......%))).y).J%@J).).)Jg)[......
......▓...)..D.X..........▓......
......▓▓▓▓▓▓▓P.)..PP▓▓▓▓▓▓▓......
....▓▓▓ ▓▓.P...▓▓ ▓▓▓.... ...▓▓
▓▓...▓▓ ▓▓... ..▓▓ ▓▓.▓▓ ▓▓.. ▓▓▓
▓▓▓ ▓▓▓ ▓ ▓


You could see a tentacled monstrosity, an ice dragon, a death cob, 4 slime
creatures, a moth of wrath, 2 boggarts, a friendly ice statue, 4 friendly oklob
plants, 3 friendly burning bushes and a friendly ice beast.

Vanquished Creatures
  A yaktaur (Zot)
  3 slime creatures (Zot)
  Prince Ribbit (Zot)
  A hell hound (Zot)
  A water moccasin (Zot)
  A black bear (Zot)
  A big kobold (Zot)
  An adder (Zot)
  An orc skeleton (Zot)
  A giant mite (Zot)
  4 oozes (Zot)
  2 orcs (Zot)
  6 bats (Zot)
  A giant cockroach (Zot)
  2 hobgoblins (Zot)
  2 jackals (Zot)
  A ball python (Zot)
  A giant newt (Zot)
  A goblin (Zot)
  A kobold (Zot)
  3 rats (Zot)
36 creatures vanquished.

Vanquished Creatures (collateral kills)
  A hill giant (Zot)
  A moth of wrath (Zot)
  A burning bush (Zot)
  A vampire (Zot)
  A yak (Zot)
  11 slime creatures (Zot)
  A warg (Zot)
  A black bear (Zot)
  A vampire mosquito (Zot)
  Menkaure (Zot)
  2 nagas (Zot)
  2 orc warriors (Zot)
  Purgy (Zot)
  6 boggarts (Zot)
  4 ogres (Zot)
  A phantom (Zot)
  A big kobold (Zot)
  A gnoll sergeant (Zot)
  A quasit (Zot)
  A troll skeleton (Zot)
  An iguana (Zot)
  4 sheep (Zot)
  2 adders (Zot)
  2 gnolls (Zot)
  A giant mite (Zot)
  8 orcs (Zot)
  3 ball pythons (Zot)
  17 bats (Zot)
  6 giant cockroaches (Zot)
  3 hobgoblins (Zot)
  16 jackals (Zot)
  8 kobolds (Zot)
  5 giant newts (Zot)
  A giant spore (Zot)
  9 goblins (Zot)
  14 rats (Zot)
140 creatures vanquished.

Vanquished Creatures (others)
  2 oklob saplings (Zot)
2 creatures vanquished.

Grand Total: 178 creatures vanquished

Notes
Turn   | Place    | Note
--------------------------------------------------------------
     0 | Zot      | Marenglen, the Deep Dwarf Earth Elementalist, began the quest for the Orb.
     0 | Zot      | Reached XP level 1. HP: 15/15 MP: 2/2
   251 | Zot      | Reached XP level 2. HP: 22/22 MP: 0/3
   253 | Zot      | Noticed Gatexzol
   266 | Zot      | Killed Gatexzol the black bear
   266 | Zot      | Reached skill level 7 in Earth Magic
   266 | Zot      | Reached XP level 3. HP: 27/27 MP: 0/5
   266 | Zot      | Reached XP level 4. HP: 35/35 MP: 0/6
   286 | Zot      | Reached XP level 5. HP: 42/42 MP: 0/7
   328 | Zot      | Learned a level 2 spell: Stoneskin
   332 | Zot      | Learned a level 3 spell: Stone Arrow
   469 | Zot      | Reached skill level 1 in Short Blades
   471 | Zot      | Noticed Theoriq
   557 | Zot      | Reached skill level 8 in Earth Magic
   568 | Zot      | Killed Theoriq the black bear
   568 | Zot      | Reached XP level 6. HP: 39/49 MP: 2/9
   571 | Zot      | Became a worshipper of Makhleb the Destroyer
   573 | Zot      | Noticed Iquxter
   608 | Zot      | Killed Iquxter the slime creature
   608 | Zot      | Reached skill level 10 in Earth Magic
   608 | Zot      | Reached XP level 7. HP: 12/55 MP: 1/9
   745 | Zot      | Acquired Makhleb's first power
   811 | Zot      | Learned a level 4 spell: Petrify
   846 | Zot      | Reached skill level 5 in Short Blades
   846 | Zot      | Reached XP level 8. HP: 43/62 MP: 4/13
  1058 | Zot      | Reached skill level 11 in Earth Magic
  1064 | Zot      | Noticed Menkaure
  1074 | Zot      | Killed Menkaure
  1139 | Zot      | Noticed Prince Ribbit
  1142 | Zot      | Killed Prince Ribbit
  1142 | Zot      | Acquired Makhleb's second power
  1144 | Zot      | Gained mutation: You passively map the area around you. [level up]
  1144 | Zot      | Reached XP level 9. HP: 47/68 MP: 10/18
  1332 | Zot      | Reached skill level 1 in Invocations
  1413 | Zot      | Reached skill level 12 in Earth Magic
  1599 | Zot      | Reached skill level 5 in Invocations
  1619 | Zot      | Noticed a black draconian monk
  1621 | Zot      | Reached skill level 13 in Earth Magic
  1635 | Zot      | Noticed a tentacled monstrosity
  1636 | Zot      | Reached XP level 10. HP: 62/75 MP: 15/20
  1650 | Zot      | Reached skill level 14 in Earth Magic
  1675 | Zot      | Noticed Vext
  1680 | Zot      | Killed Vext the yaktaur
  1742 | Zot      | Reached skill level 10 in Invocations
  1752 | Zot      | Noticed Purgy
  1754 | Zot      | Killed Purgy
  1832 | Zot      | Reached skill level 15 in Earth Magic
  1837 | Zot      | Noticed a moth of wrath
  1840 | Zot      | Noticed an electric golem
  1841 | Zot      | Noticed a grey draconian
  1841 | Zot      | Killed a moth of wrath
  1854 | Zot      | Noticed a hill giant
  1856 | Zot      | Noticed a death cob
  1856 | Zot      | Killed a hill giant
  1856 | Zot      | Acquired Makhleb's third power
  1861 | Zot      | Noticed a tentacled monstrosity
  1862 | Zot      | Noticed an ice dragon
  1863 | Zot      | Reached XP level 11. HP: 44/81 MP: 7/24
  1865 | Zot      | HP: 4/81 [death cob[a boggart] (11)]
  1866 | Zot      | Slain by a tentacled monstrosity

Action                   |  1- 3 |  4- 6 |  7- 9 | 10-12 || total
-------------------------+-------+-------+-------+-------++-------
Melee: Unarmed           |    16 |     3 |       |       ||    19
       Dagger            |       |    56 |    20 |     5 ||    81
 Cast: Sandblast         |     6 |    16 |    11 |       ||    33
       Stone Arrow       |       |     1 |    15 |    14 ||    30
       Stoneskin         |       |     1 |       |       ||     1
       Petrify           |       |       |     1 |       ||     1
 Abil: Make oklob saplin |     1 |     1 |       |       ||     2
       Device Recharging |       |     1 |       |     1 ||     2
       Make altar        |       |     1 |       |       ||     1
       Make oklob plant  |       |       |     4 |       ||     4
       Make burning bush |       |       |     4 |       ||     4
       Make ice statue   |       |       |       |     1 ||     1
       Remove Curse      |       |       |       |     1 ||     1
Evoke: Wand              |       |     4 |     2 |     4 ||    10
  Use: Potion            |       |     3 |     2 |     1 ||     6
